Map: At Eternity's Edge LE

Players

LetaleX

  • Race: Protoss Protoss
  • League: Grandmaster
  • Spawn Location: 11:00

SKillous - Winner!

  • Race: Protoss Protoss
  • League: Grandmaster
  • Spawn Location: 5:00

Event: HomeStory Cup XXIX

VOD

Have the link to the VOD?

Description

Time

  • Played on: July 4, 2026, 1:13 p.m.
  • Length: 10:12

All games in this series

Show
View Real Time Build Order
Export as new Build Order

LetaleX Protoss 

Build Orders: Phoenix Opening 

Get SALT Encoding   

  8  0:00  Probe (Chrono Boost)  
  9  0:12  Probe (Chrono Boost)  
  10  0:19  Probe (Chrono Boost)  
  11  0:26  Probe  
  12  0:32  Pylon  
  12  0:39  Probe  
  13  0:51  Probe  
  13  0:54  Gateway  
  14  1:03  Probe (Chrono Boost)  
  15  1:06  Assimilator  
  15  1:13  Probe (Chrono Boost)  
  15  1:18  Probe (Chrono Boost)  
  16  1:19  Assimilator  
  17  1:29  Probe  
  18  1:33  Gateway  
  18  1:41  Probe  
  18  1:44  Cybernetics Core  
  19  1:53  Probe  
  20  1:56  Pylon  
  20  2:05  Probe  
  21  2:17  Probe  
  21  2:20  Stalker, Warp Gate  
  24  2:28  Stalker  
  27  2:30  Probe  
  27  2:36  Pylon  
  27  2:42  Probe  
  28  2:54  Phoenix, Sentry  
  31  3:00  Sentry  
  32  3:13  Nexus  
  32  3:21  Stalker  
  34  3:27  Stalker  
  36  3:34  Pylon  
  36  3:36  Probe  
  37  3:47  Twilight Council  
  37  3:50  Probe  
  36  4:01  Pylon  
  37  4:02  Probe  
  37  4:16  Probe  
  38  4:19  Stalker x2  
  42  4:25  Probe  
  42  4:28  Probe  
  44  4:37  Probe  
  38  4:40  Probe  
  38  4:42  Adept x2  
  43  4:47  Probe, Blink (Chrono Boost)  
  43  4:50  Probe  
  44  4:55  Probe  
  44  4:58  Probe  
  46  5:04  Probe  
  47  5:08  Sentry  
  47  5:11  Probe  
  47  5:13  Stalker  
  51  5:16  Shield Battery  
  51  5:17  Probe  
  50  5:23  Probe  
  50  5:26  Shield Battery  
  51  5:29  Probe  
  51  5:31  Stalker  
  51  5:35  Assimilator  
  54  5:36  Probe, Pylon  
  54  5:39  Stalker  
  57  5:54  Gateway x2, Stalker  
  57  5:56  Probe  
  60  6:00  Pylon  
  60  6:06  Stalker  
  51  6:19  Stalker  
  47  6:30  Stalker  
  44  6:32  Probe  
  42  6:46  Shield Battery  
  39  6:47  Pylon, Stalker  
  39  6:51  Stalker x2  
  39  6:53  Stalker  
  47  6:58  Probe  
  36  7:10  Stalker  
  34  7:16  Shield Battery  
  34  7:17  Stalker  
  34  7:20  Stalker  
  36  7:27  Stalker  
  36  7:29  Probe x2 (Chrono Boost)  
  40  7:40  Probe x2 (Chrono Boost)  
  42  7:44  Probe (Chrono Boost)  
  42  7:45  Probe (Chrono Boost)  
  44  7:55  Probe (Chrono Boost)  
  44  7:56  Sentry  
  48  8:00  Probe (Chrono Boost)  
  48  8:02  Probe (Chrono Boost)  
  49  8:07  Probe  
  49  8:10  Probe  
  51  8:15  Stalker  
  51  8:17  Stalker  
  51  8:19  Probe  
  52  8:22  Probe  
  46  8:31  Probe  
  46  8:32  Stalker  
  46  8:34  Probe  
  48  8:36  Pylon  
  48  8:43  Probe  
  48  8:46  Probe  
  50  8:52  Stalker  
  52  8:56  Probe (Chrono Boost)  
  52  8:58  Probe (Chrono Boost)  
  52  8:59  Dark Shrine  
  54  9:05  Stalker  
  54  9:08  Probe (Chrono Boost)  
  58  9:10  Probe (Chrono Boost)  
  58  9:16  Probe (Chrono Boost)  
  57  9:17  Probe (Chrono Boost)  
  57  9:18  Stalker  
  57  9:22  Probe  
  61  9:24  Probe  
  61  9:25  Stalker  
  64  9:34  Probe  
  64  9:36  Probe  
  64  9:37  Stalker x2  
  70  9:42  Pylon  
  70  9:49  Stalker  
Show
View Real Time Build Order
Export as new Build Order

SKillous Protoss - Winner!

Build Orders: Phoenix Opening 

Get SALT Encoding   

  8  0:00  Probe (Chrono Boost)  
  9  0:12  Probe (Chrono Boost)  
  10  0:17  Probe (Chrono Boost)  
  11  0:28  Probe  
  12  0:34  Pylon  
  12  0:40  Probe  
  13  0:52  Probe (Chrono Boost)  
  13  0:54  Gateway  
  14  1:02  Assimilator  
  14  1:04  Probe (Chrono Boost)  
  15  1:13  Probe (Chrono Boost)  
  16  1:19  Probe  
  16  1:22  Gateway  
  17  1:31  Probe  
  18  1:41  Cybernetics Core  
  18  1:43  Probe  
  19  1:48  Assimilator  
  19  1:55  Probe  
  19  2:00  Pylon  
  20  2:07  Probe (Chrono Boost)  
  21  2:20  Probe (Chrono Boost), Sentry  
  21  2:22  Warp Gate  
  26  2:24  Probe (Chrono Boost)  
  27  2:32  Pylon  
  27  2:34  Stalker  
  27  2:37  Probe  
  28  2:50  Probe, Stalker  
  28  2:51  Phoenix  
  31  3:01  Sentry  
  33  3:18  Nexus  
  33  3:21  Sentry  
  33  3:23  Probe  
  36  3:32  Pylon  
  36  3:39  Probe  
  37  3:51  Probe  
  40  4:02  Stalker x2  
  40  4:03  Probe  
  43  4:10  Gateway  
  43  4:15  Probe  
  44  4:27  Pylon  
  44  4:29  Stalker x2 (Chrono Boost)  
  42  4:42  Stalker x2 (Chrono Boost)  
  44  4:49  Probe  
  44  4:52  Stalker (Chrono Boost)  
  44  4:58  Probe  
  48  5:02  Stalker (Chrono Boost)  
  48  5:07  Stalker (Chrono Boost)  
  50  5:17  Probe  
  51  5:22  Stalker  
  51  5:23  Stalker  
  51  5:27  Sentry  
  57  5:28  Probe  
  57  5:32  Pylon  
  58  5:39  Probe  
  59  5:49  Probe  
  60  5:53  Pylon  
  60  5:55  Stalker, Zealot  
  60  5:56  Zealot  
  66  6:00  Probe  
  58  6:19  Stalker x3  
  58  6:21  Probe x2  
  52  6:34  Probe  
  49  6:42  Stalker x2  
  49  6:45  Probe  
  49  6:46  Probe  
  55  6:48  Assimilator  
  55  6:50  Gateway  
  55  6:51  Pylon, Stalker  
  55  6:52  Assimilator  
  57  6:57  Probe  
  54  7:09  Adept x2  
  54  7:13  Stalker  
  58  7:25  Probe x2  
  58  7:26  Robotics Facility, Shield Battery  
  56  7:34  Shield Battery  
  56  7:35  Shield Battery  
  56  7:38  Pylon  
  56  7:40  Stalker (Chrono Boost)  
  58  7:46  Stalker (Chrono Boost)  
  58  7:50  Probe  
  65  7:52  Stalker x2 (Chrono Boost)  
  65  7:57  Stalker x2 (Chrono Boost)  
  67  8:06  Stalker x2  
  71  8:14  Immortal (Chrono Boost)  
  75  8:23  Stalker x2  
  75  8:25  Stalker  
  81  8:30  Stalker  
  79  8:36  Pylon  
  79  8:40  Stalker x2  
  83  8:45  Immortal (Chrono Boost)  
  83  8:53  Stalker  
  89  8:58  Stalker  
  89  9:02  Stalker  
  93  9:18  Stalker x2  
  97  9:26  Pylon  
  97  9:32  Pylon  
  97  9:34  Pylon  
  97  9:44  Adept x4  
  105  9:48  Pylon  
Tags
 
Add a new tag
Caveats
  • Supply blocks, unpowered buildings, or Contaminate may cause inaccurate times.
  • Supply counts are checked every 10 seconds.